 Dungeon Crawl Stone Soup version 0.21.1-1-g345015fe64 (webtiles) character file.

338 Gargoyl the Skirmisher (level 6, -1/46 HPs)
             Began as a Centaur Abyssal Knight on June 25, 2018.
             Was a Believer of Lugonu.
             Slain by an adder (4 damage)
             ... on level 6 of the Dungeon.
             The game lasted 00:06:28 (4465 turns).

Gargoyl the Skirmisher (Centaur Abyssal Knight)     Turns: 4465, Time: 00:06:29

Health: -1/46      AC:  9    Str: 16      XL:     6   Next: 29%
Magic:  8/8        EV:  5    Int: 11      God:    Lugonu [**....]
Gold:   90         SH:  4    Dex: 10 (11) Spells: 5/5 levels left

rFire    . . .     SeeInvis .   a - +2 hand axe
rCold    . . .     Gourm    .   (no shield)
rNeg     . . .     Faith    .   j - +1 chain mail
rPois    .         Spirit   .   (no helmet)
rElec    .         Reflect  +   (no cloak)
rCorr    .         Harm     .   (no gloves)
MR       .....                  (no barding)
Stlth    ..........             d - +4 amulet of reflection
HPRegen  0.15/turn              (no ring)
MPRegen  0.11/turn              (no ring)

@: lethally poisoned (-1 -> -3), very quick
A: large, hooves 3, thin skeletal structure 1, deformed body, deterioration 1,
speed 2, frail 1, tough skin 3
a: Depart the Abyss, Bend Space, Renounce Religion


You were on level 6 of the Dungeon.
You worshipped Lugonu.
Lugonu was pleased with you.
You were not hungry.

You visited 1 branch of the dungeon, and saw 6 of its levels.
You visited the Abyss 1 time.

You collected 90 gold pieces.

Inventory:

Hand Weapons
 a - a +2 hand axe (weapon)
Missiles
 f - 2 javelins (quivered)
 n - a tomahawk
Armour
 j - a +1 chain mail (worn)
Jewellery
 d - a +4 amulet of reflection (around neck)
Scrolls
 e - 2 scrolls of teleportation
 k - 7 scrolls of identify
 p - a scroll of remove curse
Potions
 g - 2 potions of brilliance
 i - a potion of magic
Comestibles
 c - 9 rations


   Skills:
 + Level 4.0 Fighting
 + Level 3.5 Axes
 * Level 3.0 Armour
 + Level 1.2 Dodging
 * Level 3.3 Invocations


You had 5 spell levels left.
You didn't know any spells.

Dungeon Overview and Level Annotations

Branches:
Dungeon (6/15)
 Temple: D:4-7

Altars:
Ashenzari
Dithmenos
Trog
Uskayaw
Yredelemnul

Annotations:
D:3 Niraks's ghost, amateur TrFi


Innate Abilities, Weirdness & Mutations

You have hooves in place of feet.
Armour fits poorly on your strangely shaped body.
You cover ground very quickly.
You have extremely tough skin. (AC +3)
You have a somewhat thin skeletal structure. (Dex +2, Stealth)
Your body sometimes deteriorates upon taking damage.
You are frail. (-10% HP)


Message History

You climb downwards.
* * * LOW HITPOINT WARNING * * *
You feel sick.
There is a stone staircase leading up here.
Okay, then.
Okay, then.
Your chain mail prevents you from hitting the adder.
The adder is lightly wounded.
You closely miss the orc wizard.
* * * LOW HITPOINT WARNING * * *
You feel sick. The adder barely misses you.
The orc wizard casts a spell.
The orc wizard blinks!
You block the adder's attack.
You hit the adder.
The adder is heavily wounded.
The adder bites you but does no damage.
You hit the adder. Your kick misses the adder.
The adder is heavily wounded.
The adder bites you.
You die...

##.# ...#
#..# #..#
#..# #..#
#.##.ยง#
#...@.#
#...So#.#
##.##.. #
# #.#.
..... ..#
## ..#
...#


You could see an orc wizard and an adder.

Vanquished Creatures
  A water moccasin zombie (D:5)
  A scorpion (D:5)
  2 hounds
  An iguana (D:3)
  A worker ant (D:4)
  An adder (D:3)
  A shadow imp (D:5)
  An ooze (D:1)
  An adder skeleton (D:4)
  2 worms
  4 dart slugs
  2 leopard geckos
  8 orcs
  5 giant cockroaches
  6 goblins
  10 hobgoblins
  2 jackals (D:1)
  4 quokkas (D:5)
  5 bats
  6 frilled lizards
  8 kobolds
  3 rats
75 creatures vanquished.

Notes
Turn   | Place    | Note
-------+----------+-------------------------------------------
     0 | Abyss:1  | Gargoyl the Centaur Abyssal Knight began the quest for the Orb.
     0 | Abyss:1  | Reached XP level 1. HP: 19/19 MP: 2/2
    10 | Abyss:1  | Found a corrupted altar of Lugonu.
    22 | Abyss:1  | Found a corrupted altar of Lugonu.
    90 | Abyss:1  | Noticed a tentacled starspawn
   101 | Abyss:1  | Noticed a wretched star
   102 | Abyss:1  | Noticed a neqoxec
   103 | D:1      | Escaped the Abyss
   180 | D:1      | Reached * piety under Lugonu
   199 | D:1      | Reached XP level 2. HP: 12/26 MP: 3/3
  1143 | D:1      | Reached XP level 3. HP: 31/31 MP: 4/4
  1192 | D:1      | Reached skill level 1 in Dodging
  2082 | D:3      | Noticed Niraks's ghost (amateur TrFi)
  2088 | D:3      | Reached ** piety under Lugonu
  2090 | D:3      | Reached XP level 4. HP: 29/39 MP: 5/5
  2093 | D:3      | HP: 1/39 [Niraks's ghost (7)]
  2794 | D:3      | Found a bloodstained altar of Trog.
  2797 | D:3      | Found a shattered altar of Ashenzari.
  2798 | D:3      | Found a shadowy altar of Dithmenos.
  2799 | D:3      | Found a hide-covered altar of Uskayaw.
  2799 | D:3      | Found a basalt altar of Yredelemnul.
  3431 | D:4      | Reached XP level 5. HP: 36/46 MP: 7/7
  3595 | D:4      | Noticed an ogre
  3640 | D:5      | Entered Level 5 of the Dungeon
  3641 | D:5      | Gained mutation: Your body sometimes deteriorates upon taking damage. [potion of mutation]
  3641 | D:5      | Gained mutation: You are frail. (-10% HP) [potion of mutation]
  3641 | D:5      | Gained mutation: You have a somewhat thin skeletal structure. (Dex +2, Stealth) [potion of mutation]
  3950 | D:5      | Reached skill level 4 in Fighting
  3950 | D:5      | Reached XP level 6. HP: 12/46 MP: 8/8
  4465 | D:6      | Slain by an adder

Skill      XL: |  1  2  3  4  5  6 |
---------------+-------------------+-----
Axes           | 2 3 |  3.5
Dodging        | 1 |  1.2
Armour         | 2 3 |  3.0
Invocations    | 3 |  3.3
Fighting       | 4 |  4.0

Action                   |  1- 3 |  4- 6 || total
-------------------------+-------+-------++-------
Melee: Hand axe          |   130 |   141 ||   271
       Kick              |    24 |    30 ||    54
Invok: Depart the Abyss  |     1 |       ||     1
  Use: Scroll            |     9 |     4 ||    13
       Potion            |       |     3 ||     3
  Eat: Chunk             |     3 |     3 ||     6
       Ration            |       |     1 ||     1
Armor: Leather armour    |    14 |       ||    14
       Scale mail        |    42 |    19 ||    61
       Chain mail        |       |    90 ||    90
Dodge: Dodged            |    40 |    44 ||    84
Block: Other             |    25 |    29 ||    54
       Reflection        |       |     3 ||     3
